[Event "Titled Tuesday Blitz October 18 Late 2022"]
[White "Zhurbinsky, David"]
[Black "Manukian, Artak"]
[WhiteFideId "2072904"]
[BlackFideId "13301373"]
[WhiteElo "2599"]
[BlackElo "2476"]
[Result "0-1"]
[Round "08"]
[TimeControl "180+1"]
[Date "2022.10.19"]
[WhiteClock "0:00:06"]
[BlackClock "0:01:01"]

1. e4 c6 2. d4 d5 3. Nc3 dxe4 4. Nxe4 Nf6 5. Nxf6+ exf6 6. c3 Bd6 7. Bd3 Na6 8. Qf3 O-O 9. Ne2 Qd7 10. O-O Qg4 11. Qxg4 Bxg4 12. f3 Bd7 13. Bf4 Bxf4 14. Nxf4 Nc7 15. Rfe1 Rfe8 16. Kf2 Kf8 17. h4 h6 18. g4 Nd5 19. Nxd5 cxd5 20. Rxe8+ Rxe8 21. Re1 Rxe1 22. Kxe1 Ke7 23. Kf2 f5 24. Bxf5 Bxf5 25. gxf5 Kf6 26. f4 Kxf5 27. c4 dxc4 28. d5 f6 29. h5 b5 30. Ke3 g5 31. hxg6 Kxg6 32. d6 Kf7 33. Ke4 Ke6 34. a3 Kxd6 35. Kf5 Ke7 36. Kg6 a5 37. Kxh6 b4 38. Kg6 c3 39. axb4 axb4 40. bxc3 bxc3 41. f5 c2 42. Kh7 c1=Q 43. Kh8 Qg5 44. Kh7 Kf7 45. Kh8 Qg7# 0-1


[Site "https://www.chess.com"]

[Event "Titled Tuesday Blitz October 18 Late 2022"]
[White "Zou, Chen"]
[Black "Jobava, Baadur"]
[WhiteFideId "8610959"]
[BlackFideId "13601520"]
[WhiteElo "2325"]
[BlackElo "2582"]
[Result "0-1"]
[Round "08"]
[TimeControl "180+1"]
[Date "2022.10.18"]
[WhiteClock "0:01:00"]
[BlackClock "0:02:22"]

1. e4 d6 2. d4 Nf6 3. Nc3 e5 4. Nf3 Nbd7 5. Bc4 Be7 6. O-O O-O 7. h3 h6 8. Re1 Re8 9. a4 a5 10. b3 c6 11. Bb2 Qc7 12. Qd2 Nf8 13. Rad1 Ng6 14. Bf1 Bd7 15. g3 Rad8 16. Qc1 Bc8 17. Bg2 Nh7 18. Kh2 h5 19. h4 Nf6 20. Kg1 Bg4 21. Rd2 Bf8 22. Nh2 Bc8 23. Nf3 exd4 24. Nxd4 Ne5 25. Nf3 Neg4 26. Nh2 Ne5 27. Nf3 Bg4 28. Nxe5 dxe5 29. Nd1 Bb4 30. c3 Bc5 31. Ne3 Rxd2 32. Qxd2 Rd8 33. Qc2 Be6 34. Bf1 Qb6 35. Nc4 Bxc4 36. Bxc4 Ng4 37. Re2 Bxf2+ 38. Kh1 Bxg3 0-1


[Site "https://www.chess.com"]

[Event "Titled Tuesday Blitz October 18 Late 2022"]
[White "Adewumi, Tanitoluwa"]
[Black "Can, Melih Kaan"]
[WhiteFideId "30966396"]
[BlackFideId "6317383"]
[WhiteElo "2528"]
[BlackElo "2029"]
[Result "1-0"]
[Round "09"]
[TimeControl "180+1"]
[Date "2022.10.19"]
[WhiteClock "0:00:15"]
[BlackClock "0:00:06"]

1. e4 c5 2. Nf3 Nc6 3. Bb5 d6 4. O-O Bd7 5. Re1 Nf6 6. c3 a6 7. Bf1 Bg4 8. h3 Bxf3 9. Qxf3 g6 10. d3 Bg7 11. g3 O-O 12. Bg2 Nd7 13. Qe3 Qc7 14. f4 b5 15. Nd2 b4 16. e5 bxc3 17. bxc3 dxe5 18. Nc4 exf4 19. Qxf4 Qxf4 20. Bxf4 Rac8 21. Bxc6 Rxc6 22. Rxe7 Bxc3 23. Rc1 Bd4+ 24. Kg2 Nf6 25. Rb1 Nd5 26. Rd7 Nxf4+ 27. gxf4 Re6 28. Rbb7 Re2+ 29. Kf3 Rxa2 30. Nd6 Rd2 31. Nxf7 Rxd3+ 32. Ke2 Rxh3 33. Ne5 Bxe5 34. fxe5 Re8 35. Kd2 Rh4 36. Kc3 g5 37. Rg7+ Kh8 38. Rxg5 Re4 39. Rh5 R4xe5 40. Rhxh7+ Kg8 41. Rbg7+ Kf8 42. Rf7+ Kg8 43. Rhg7+ Kh8 44. Rg1 Rh5 45. Kc4 a5 46. Kb5 Rg8 47. Rc1 Rc8 48. Kxa5 c4+ 49. Kb4 c3 50. Rc2 Rh4+ 51. Kb3 Rh3 52. Rd7 Kg8 53. Rg2+ Kf8 54. Kc2 Rf3 55. Rdg7 Re8 56. Rg8+ Ke7 57. Re2+ Kf7 58. Rgxe8 Rh3 59. R8e3 Rh4 60. Kxc3 Rh1 61. Rf3+ Kg6 62. Rg2+ Kh5 63. Rf8 Rh3+ 64. Kd2 Rg3 65. Rxg3 Kh4 66. Rg1 Kh3 67. Rh8# 1-0


[Site "https://www.chess.com"]

[Event "Titled Tuesday Blitz October 18 Late 2022"]
[White "Aghasiyev, Kamal"]
[Black "Pavlidou, Ekaterini"]
[WhiteFideId "13402854"]
[BlackFideId "4213262"]
[WhiteElo "2341"]
[BlackElo "2125"]
[Result "1/2-1/2"]
[Round "09"]
[TimeControl "180+1"]
[Date "2022.10.19"]
[WhiteClock "0:00:05"]
[BlackClock "0:01:16"]

1. d4 Nf6 2. c4 e6 3. Nc3 Bb4 4. Qc2 O-O 5. e4 d5 6. e5 Ne4 7. Bd3 c5 8. Nf3 cxd4 9. Nxd4 Nd7 10. Bf4 Qa5 11. Bxe4 dxe4 12. Nb3 Bxc3+ 13. bxc3 Qa4 14. Qxe4 Nb6 15. Nd2 Bd7 16. O-O Bc6 17. Qe2 Rad8 18. Rfc1 Qa3 19. Be3 Nd7 20. Bd4 Qa5 21. Nb3 Qc7 22. Qe3 b6 23. a4 a5 24. c5 bxc5 25. Nxc5 Nxc5 26. Bxc5 Rfe8 27. Bb6 Qb7 28. Bxd8 Rxd8 29. Rab1 Qa8 30. f3 h6 31. Rd1 Bd5 32. Rd4 Rc8 33. Qd3 Qc6 34. Rb5 g6 35. Rxa5 Kg7 36. h4 h5 37. Rb5 Bc4 38. Rxc4 Qxc4 39. Qxc4 Rxc4 40. Rb3 Rxa4 41. g3 g5 42. hxg5 Kg6 43. f4 Kf5 44. Kf2 Kg4 45. Ke3 Kxg3 46. Kd3 h4 47. c4 h3 48. Kd4+ Kg2 49. Rb2+ Kg1 50. Rb1+ Kg2 51. Rb2+ Kg1 52. Rb1+ Kf2 53. Rb2+ Kg1 1/2-1/2


[Site "https://www.chess.com"]

[Event "Titled Tuesday Blitz October 18 Late 2022"]
[White "Aldokhin, Ivan"]
[Black "Koziorowicz, Michal"]
[WhiteFideId "24115720"]
[BlackFideId "21809194"]
[WhiteElo "2313"]
[BlackElo "2220"]
[Result "0-1"]
[Round "09"]
[TimeControl "180+1"]
[Date "2022.10.18"]
[WhiteClock "0:00:07"]
[BlackClock "0:00:23"]

1. e4 c5 2. Nf3 d6 3. d4 cxd4 4. Nxd4 Nf6 5. Nc3 g6 6. Bc4 Bg7 7. Bb3 O-O 8. h3 Nc6 9. Be3 Bd7 10. O-O Rc8 11. f4 Qa5 12. Nf3 b5 13. a3 a6 14. Qe1 Qc7 15. Qh4 Na5 16. e5 Nxb3 17. cxb3 dxe5 18. fxe5 h5 19. exf6 exf6 20. Nd5 Qd6 21. Rad1 Bc6 22. Bf4 Qc5+ 23. Be3 Qd6 24. Nb6 Qe6 25. Nxc8 Qxe3+ 26. Qf2 Qxf2+ 27. Rxf2 Rxc8 28. Rc1 Bb7 29. Rxc8+ Bxc8 30. Rc2 Bb7 31. Rc7 Bd5 32. Nd2 f5 33. Kf2 Bxb2 34. Rd7 Be6 35. Rd8+ Kg7 36. b4 Bxa3 37. Rd4 Bb2 38. Rd6 Bc3 39. Nf3 Bxb4 40. Rxa6 Bc3 41. Ke3 b4 42. Rb6 b3 43. h4 b2 44. Nd4 Ba2 45. Ne2 Bf6 46. Nd4 Bxd4+ 47. Kxd4 b1=Q 48. Rxb1 Bxb1 49. Ke5 Be4 50. Kf4 Bxg2 51. Kg3 Bf1 52. Kf4 Be2 53. Kg3 Bg4 54. Kf4 f6 55. Kg3 g5 0-1


[Site "https://www.chess.com"]

[Event "Titled Tuesday Blitz October 18 Late 2022"]
[White "Alexikov, Alexander"]
[Black "Banzea, Alexandru-Bogdan"]
[WhiteFideId "14103958"]
[BlackFideId "1232622"]
[WhiteElo "2222"]
[BlackElo "2294"]
[Result "1/2-1/2"]
[Round "09"]
[TimeControl "180+1"]
[Date "2022.10.19"]
[WhiteClock "0:00:34"]
[BlackClock "0:00:07"]

1. e4 c5 2. Nf3 a6 3. c3 d5 4. exd5 Nf6 5. d4 cxd4 6. Qxd4 Qxd5 7. Na3 Nc6 8. Qxd5 Nxd5 9. Nc4 Bf5 10. Ne3 Nxe3 11. Bxe3 e6 12. O-O-O Be7 13. Nd4 Nxd4 14. Bxd4 Bg5+ 15. Be3 Bxe3+ 16. fxe3 Ke7 17. Bd3 Bxd3 18. Rxd3 Rhd8 19. Rhd1 Rxd3 20. Rxd3 Rc8 21. Kd2 Rc5 22. e4 Rh5 23. h3 Rg5 24. g3 Rh5 25. g4 Rh4 26. Rg3 h5 27. gxh5 Kf8 28. Ke3 Rxh5 29. a4 Ra5 30. b3 Rh5 31. Kd4 f6 32. b4 g5 33. c4 Ke7 34. c5 Rh4 35. Re3 f5 36. Ke5 f4 37. Rd3 Rh8 38. Rd6 Rh6 39. Rd3 Rh8 40. Rd6 Rh6 41. Rd3 Rh8 1/2-1/2


[Site "https://www.chess.com"]

[Event "Titled Tuesday Blitz October 18 Late 2022"]
[White "Amburgy, Ryan"]
[Black "Ozdemir, Serhan Berat"]
[WhiteFideId "30924820"]
[BlackFideId "6374611"]
[WhiteElo "2121"]
[BlackElo "2016"]
[Result "1-0"]
[Round "09"]
[TimeControl "180+1"]
[Date "2022.10.18"]
[WhiteClock "0:01:24"]
[BlackClock "0:00:02"]

1. Nf3 Nf6 2. c4 g6 3. Nc3 Bg7 4. e4 d6 5. d4 O-O 6. Be2 e5 7. Be3 Nc6 8. d5 Ne7 9. Nd2 Nd7 10. b4 f5 11. f3 a6 12. c5 b6 13. Nb3 f4 14. Bf2 bxc5 15. bxc5 Nf6 16. Rc1 g5 17. Na4 Bd7 18. cxd6 cxd6 19. Nb6 g4 20. Nxa8 Qxa8 21. Qd2 Qe8 22. Qa5 Qg6 23. Qxa6 g3 24. hxg3 fxg3 25. Be3 Nh5 26. Rc7 Bc8 27. Qa7 Nxd5 28. Rxh5 Nxc7 29. Rg5 Qf7 30. Bb6 Ne6 31. Qxf7+ Rxf7 32. Rxg3 Nf4 33. Bc4 Be6 34. Bxe6 Nxe6 35. a4 Kf8 36. a5 Rb7 37. Kd1 Bh6 38. Rh3 Kg7 39. Na1 Bf4 40. Nc2 Ng5 41. Rh5 Kg6 42. Rh1 d5 43. exd5 e4 44. Nd4 Be3 45. Ke2 Bxd4 46. Bxd4 exf3+ 47. gxf3 Rb5 48. a6 Rxd5 49. a7 Rd8 50. Rb1 Ne6 51. Be3 1-0


[Site "https://www.chess.com"]

[Event "Titled Tuesday Blitz October 18 Late 2022"]
[White "Andreikin, Dmitry"]
[Black "Eljanov, Pavel"]
[WhiteFideId "4158814"]
[BlackFideId "14102951"]
[WhiteElo "2736"]
[BlackElo "2601"]
[Result "1-0"]
[Round "09"]
[TimeControl "180+1"]
[Date "2022.10.18"]
[WhiteClock "0:00:21"]
[BlackClock "0:00:08"]

1. d4 Nf6 2. c4 e6 3. Nf3 d5 4. Nc3 Nbd7 5. Qc2 dxc4 6. e4 c5 7. d5 exd5 8. e5 Nxe5 9. Nxe5 Bd6 10. Qa4+ Kf8 11. Nf3 Bd7 12. Qd1 Qe7+ 13. Be2 d4 14. O-O dxc3 15. Bxc4 Bc6 16. Ng5 Rd8 17. Qb3 Qe5 18. g3 Qf5 19. Bxf7 Ne4 20. Ne6+ Ke7 21. Nxd8 Rxd8 22. Bc4 Qf3 23. Bd5 Nd2 24. Bxc6 Qxc6 25. Bxd2 cxd2 26. Qe3+ Kd7 27. Rad1 1-0


[Site "https://www.chess.com"]

[Event "Titled Tuesday Blitz October 18 Late 2022"]
[White "Baskakov, Egor"]
[Black "Naroditsky, Daniel"]
[WhiteFideId "24197866"]
[BlackFideId "2026961"]
[WhiteElo "2211"]
[BlackElo "2628"]
[Result "1/2-1/2"]
[Round "09"]
[TimeControl "180+1"]
[Date "2022.10.18"]
[WhiteClock "0:00:01"]
[BlackClock "0:00:05"]

1. e4 d6 2. g3 c5 3. Bg2 Nc6 4. Ne2 g6 5. d4 cxd4 6. Nxd4 Bd7 7. h3 Bg7 8. Ne2 Nf6 9. O-O O-O 10. Nbc3 Rc8 11. a4 a6 12. Nd5 Ne5 13. Ra2 Bc6 14. b3 Ned7 15. c4 Nc5 16. Nec3 a5 17. Be3 Nfd7 18. Nb5 Rb8 19. Re1 b6 20. Bg5 f6 21. Bf4 Ne5 22. Rd2 Qe8 23. Be3 Ned7 24. f4 Kh8 25. Bf2 Qf7 26. g4 Rfe8 27. Bd4 Rec8 28. Na7 Bb7 29. Nxc8 Rxc8 30. Rde2 Ba6 31. e5 fxe5 32. fxe5 Nxe5 33. Bxe5 Bxe5 34. Rxe5 dxe5 35. Rxe5 Rd8 36. Qe2 e6 37. Nxb6 Nxb3 38. Rxe6 Nd4 39. Qe5+ Qg7 40. Re8+ Rxe8 41. Qxe8+ Qg8 42. Qe5+ Qg7 43. Qxa5 Qe7 44. Nd5 Qd6 45. Qc7 Qxc7 46. Nxc7 Bxc4 47. Bf1 Bb3 48. a5 Nc6 49. a6 Na7 50. Nb5 Nc8 51. Bg2 Bc4 52. Bb7 Nb6 53. Nd6 Bxa6 54. Bxa6 Nd5 55. Bf1 Kg7 56. Ne4 h6 57. Ng3 Kf6 58. Kf2 Ke5 59. Bg2 Nf4 60. Ne2 Ne6 61. Bf3 Ng5 62. Bg2 h5 63. Kg3 hxg4 64. Kxg4 Ne6 65. Ng3 Nf4 66. Bf1 Nd5 67. Kg5 Ne7 68. h4 Ke6 69. Bc4+ Ke5 70. Bf7 Kd6 71. Bxg6 Ke6 72. Bd3 Kf7 73. Kh6 Ng8+ 74. Kg5 Ne7 75. Nh5 Nc6 76. Bc4+ Kf8 77. Nf6 Ne5 78. Bd5 Kg7 79. h5 Kh8 80. h6 Nf7+ 81. Kg6 Nxh6 82. Nd7 Ng8 83. Ne5 Ne7+ 84. Kf7 Nxd5 1/2-1/2


[Site "https://www.chess.com"]

[Event "Titled Tuesday Blitz October 18 Late 2022"]
[White "Becerra, Juan David"]
[Black "Jaracz, Pawel"]
[WhiteFideId "4404998"]
[BlackFideId "1102222"]
[WhiteElo "2278"]
[BlackElo "2459"]
[Result "1-0"]
[Round "09"]
[TimeControl "180+1"]
[Date "2022.10.18"]
[WhiteClock "0:00:28"]
[BlackClock "0:00:03"]

1. d4 Nf6 2. c4 g6 3. Nc3 d5 4. Bg5 Ne4 5. Nxe4 dxe4 6. Qd2 Bg7 7. e3 c5 8. Ne2 Nc6 9. O-O-O O-O 10. h4 h5 11. d5 Ne5 12. Nc3 Bf5 13. d6 f6 14. Bf4 e6 15. Bxe5 fxe5 16. Be2 Qa5 17. Kb1 Rad8 18. Ka1 Qb6 19. Rhg1 Rf7 20. g4 hxg4 21. Bxg4 Kh7 22. h5 gxh5 23. Bxf5+ exf5 24. Qe2 Rxd6 25. Qxh5+ Kg8 26. Nd5 Qd8 27. Rg6 Rxg6 28. Qxg6 Kf8 29. Rh1 b5 30. Qc6 bxc4 31. Qxc5+ Kg8 32. Qxc4 Qd7 33. Rg1 Qe6 34. Rg6 Qxg6 35. Ne7+ Kh7 36. Nxg6 Kxg6 37. b4 Bf6 38. a4 Rd7 39. Qg8+ Rg7 40. Qe8+ Kg5 41. Kb2 f4 42. Qc6 Kf5 43. Qc8+ Kg5 44. a5 f3 45. Qc6 Kf5 46. Qc8+ Kg5 47. Qh3 1-0


[Site "https://www.chess.com"]

[Event "Titled Tuesday Blitz October 18 Late 2022"]
[White "Besedes, Danilo"]
[Black "Zakaryan, David"]
[WhiteFideId "946796"]
[BlackFideId "24101923"]
[WhiteElo "2352"]
[BlackElo "2409"]
[Result "0-1"]
[Round "09"]
[TimeControl "180+1"]
[Date "2022.10.19"]
[WhiteClock "0:00:01"]
[BlackClock "0:00:10"]

1. Nf3 d5 2. g3 Nc6 3. d4 Bf5 4. Bg2 Nb4 5. Na3 e6 6. O-O Be7 7. c4 c6 8. Bd2 a5 9. Rc1 Nf6 10. Nh4 Nxa2 11. Nxf5 exf5 12. Ra1 Nb4 13. Nc2 dxc4 14. Ne3 Qxd4 15. Nxf5 Qxb2 16. Nxg7+ Kf8 17. Nf5 Ng8 18. Qe1 Na2 19. Bxa5 Bf6 20. Bb4+ Ne7 21. Qb1 Qxb1 22. Rfxb1 Ra7 23. Bc5 Bxa1 24. Rxa1 b6 25. Bxe7+ Rxe7 26. Nxe7 Kxe7 27. Rxa2 Kd6 28. Kf1 b5 29. Ke1 Kc5 30. Kd2 Rd8+ 31. Kc2 Rd6 32. Ra6 b4 33. h4 Kb5 34. Ra7 c3 35. Kb3 Rd2 36. Rb7+ Kc5 37. Be4 Rb2+ 38. Ka4 Rxe2 39. Bxh7 Ra2+ 40. Kb3 Rb2+ 41. Ka4 Kc4 42. Ka5 Ra2+ 43. Kb6 c2 44. Bxc2 Rxc2 45. Kxc6 b3 46. Kd6 b2 47. h5 Rxf2 48. h6 Rh2 49. Ke7 f5 50. Kf7 Kc3 51. Kg7 Rh3 52. h7 Rxg3+ 53. Kf6 Rh3 54. Kxf5 Rxh7 55. Rb8 Rh4 56. Kg5 Rb4 0-1


[Site "https://www.chess.com"]

[Event "Titled Tuesday Blitz October 18 Late 2022"]
[White "Bettalli, Francesco"]
[Black "Sailer, Mike"]
[WhiteFideId "2816453"]
[BlackFideId "2012901"]
[WhiteElo "2216"]
[BlackElo "2109"]
[Result "0-1"]
[Round "09"]
[TimeControl "180+1"]
[Date "2022.10.19"]
[WhiteClock "0:00:31"]
[BlackClock "0:00:14"]

1. d4 d5 2. Nc3 Nf6 3. Bg5 Bf5 4. f3 h6 5. Bxf6 exf6 6. e4 Be6 7. Nge2 c6 8. Nf4 Bb4 9. Qd3 O-O 10. Be2 Qd6 11. g3 Nd7 12. O-O Bxc3 13. Qxc3 a5 14. Rae1 Qb4 15. exd5 Qxc3 16. bxc3 Bxd5 17. c4 Be6 18. Bd3 Nb6 19. Nxe6 fxe6 20. Rxe6 Rfe8 21. Rxe8+ Rxe8 22. Rb1 Na4 23. Rxb7 Nc3 24. d5 cxd5 25. cxd5 Kf8 26. Bc4 Rd8 27. Rb3 Nxa2 28. c3 Nc1 29. Rb1 Rc8 30. Bf1 Rxc3 31. Rb8+ Ke7 32. Rb7+ Kd6 33. Rxg7 Kxd5 34. Ra7 Nb3 35. h4 Kd4 36. Bg2 Ke5 37. Re7+ Kf5 38. g4+ Kf4 39. Kh1 Kg3 40. Re1 a4 41. Rg1 Kxh4 42. Kh2 a3 43. f4 a2 44. Bd5 Rh3+ 45. Kg2 Rg3+ 46. Kf2 Rxg1 47. Kxg1 a1=Q+ 48. Kf2 Qb2+ 49. Kf3 Qc3+ 50. Ke4 Qd4+ 51. Kf5 Qxd5+ 52. Kxf6 Nc5 53. f5 Qd6+ 54. Kg7 h5 55. f6 Ne6+ 56. Kg6 Ng5 57. gxh5 Ne4 58. Kf5 Qxf6+ 59. Kxe4 Kxh5 60. Kd5 Kg5 61. Ke4 Qf5+ 62. Kd4 Kf4 63. Kc3 Qe4 64. Kb2 Qd3 65. Ka1 Qd2 66. Kb1 Ke4 67. Ka1 Kd4 68. Kb1 Kc4 69. Ka1 Kb3 70. Kb1 Qd1# 0-1


[Site "https://www.chess.com"]

[Event "Titled Tuesday Blitz October 18 Late 2022"]
[White "Bilych, Olexiy"]
[Black "Paravyan, David"]
[WhiteFideId "14156504"]
[BlackFideId "4194985"]
[WhiteElo "2320"]
[BlackElo "2555"]
[Result "0-1"]
[Round "09"]
[TimeControl "180+1"]
[Date "2022.10.18"]
[WhiteClock "0:00:06"]
[BlackClock "0:00:02"]

1. e4 e5 2. Nf3 Nf6 3. Nxe5 d6 4. Nf3 Nxe4 5. d4 d5 6. Bd3 Bd6 7. O-O O-O 8. c4 c6 9. Nc3 Nxc3 10. bxc3 dxc4 11. Bxc4 Bg4 12. h3 Bh5 13. g4 Bg6 14. Ne5 b5 15. Bb3 Nd7 16. f4 Nxe5 17. dxe5 Bc5+ 18. Kg2 Be4+ 19. Kg3 Qc7 20. Qe2 Bd5 21. Be3 Qb6 22. Rae1 Rfd8 23. Qf2 Bxe3 24. Qxe3 c5 25. f5 c4 26. Bc2 Bc6 27. e6 Qxe3+ 28. Rxe3 fxe6 29. fxe6 Rd2 30. Be4 Bxe4 31. Rxe4 Re8 32. e7 Rd7 33. Rf5 a6 34. a4 Rdxe7 35. Rxe7 Rxe7 36. axb5 axb5 37. Rxb5 Re3+ 38. Kh4 h6 39. g5 hxg5+ 40. Rxg5 Rxc3 41. Kg4 Rc1 42. Rc5 c3 43. h4 c2 44. Kh5 Kh8 45. Rc8+ Kh7 46. Rc7 Kg8 47. Rc8+ Kf7 48. Rc7+ Ke6 49. Rc8 Kf5 50. Rc5+ Ke4 51. Rc4+ Kd3 52. Rg4 Re1 53. Rg1 g6+ 0-1


[Site "https://www.chess.com"]

[Event "Titled Tuesday Blitz October 18 Late 2022"]
[White "Bordi, Kevin"]
[Black "Ter-Sahakyan, Samvel"]
[WhiteFideId "621862"]
[BlackFideId "13302531"]
[WhiteElo "2796"]
[BlackElo "2604"]
[Result "0-1"]
[Round "09"]
[TimeControl "180+1"]
[Date "2022.10.18"]
[WhiteClock "0:00:11"]
[BlackClock "0:00:09"]

1. e4 c6 2. c4 d5 3. cxd5 cxd5 4. exd5 Nf6 5. Nc3 Nxd5 6. Nf3 e6 7. d4 Bd6 8. Bd3 O-O 9. O-O Nc6 10. Bg5 Be7 11. Bxe7 Ncxe7 12. Ng5 h6 13. Nf3 Bd7 14. Ne5 Bc6 15. Rc1 Rc8 16. Bb1 Nf6 17. Re1 Qd6 18. Qd2 Rfd8 19. Rcd1 b5 20. Re3 b4 21. Rg3 Qxe5 22. dxe5 Rxd2 23. Rxd2 bxc3 24. Rxc3 Nfd5 25. Rc5 Rb8 26. Be4 Rb6 27. a3 g5 28. b4 Nxb4 29. axb4 Bxe4 30. Rd7 Nd5 31. f3 Bg6 32. Rc8+ Kg7 33. Rxa7 Rxb4 34. Rc6 Nf4 35. g3 Rb1+ 36. Kf2 Nd3+ 37. Ke3 Nxe5 38. Rxe6 Rb3+ 39. Ke2 Nxf3 40. Re8 Nxh2 41. Raa8 Rb2+ 42. Ke3 Ng4+ 43. Kd4 Nf6 44. Reb8 Rxb8 45. Rxb8 Nh5 46. Rb3 Nf6 47. Ke5 Ng4+ 48. Kd6 Kf6 49. Rf3+ Bf5 50. Kd5 Kg6 51. Kd4 f6 52. Ra3 h5 53. Ra8 Ne5 54. Ke3 Be6 55. Re8 Ng4+ 56. Kf3 Bd5+ 57. Ke2 Ne5 58. Rd8 Be4 59. Ke3 Kf5 60. Rh8 Bf3 61. Kf2 Bg4 62. Ra8 Bd1 63. Ra5 Bc2 64. Rc5 Be4 65. Ra5 Kg4 66. Ra4 f5 67. Ra3 Nd3+ 68. Kg1 Kxg3 69. Ra2 h4 70. Rg2+ Kf4 71. Rh2 Ke5 72. Ra2 Nf4 73. Ra5+ Nd5 74. Ra2 g4 75. Kh2 f4 76. Ra8 f3 77. Re8+ Kf4 78. Rf8+ Bf5 79. Kg1 g3 80. Kf1 Ne3+ 0-1


[Site "https://www.chess.com"]

[Event "Titled Tuesday Blitz October 18 Late 2022"]
[White "Bortnyk, Olexandr"]
[Black "Firouzja, Alireza"]
[WhiteFideId "14120828"]
[BlackFideId "12573981"]
[WhiteElo "2723"]
[BlackElo "2903"]
[Result "0-1"]
[Round "09"]
[TimeControl "180+1"]
[Date "2022.10.18"]
[WhiteClock "0:00:05"]
[BlackClock "0:00:15"]

1. e4 c6 2. c4 d5 3. cxd5 cxd5 4. exd5 Nf6 5. Qa4+ Nbd7 6. Nc3 g6 7. Bc4 Bg7 8. d3 O-O 9. Nf3 Nb6 10. Qb3 Bg4 11. Ne5 Bf5 12. O-O Rc8 13. Re1 Ne8 14. Nb5 a6 15. Nd4 Nd6 16. Nxf5 Nxf5 17. Nf3 Qc7 18. Bf4 Qxf4 19. Qxb6 Qc7 20. Qxc7 Rxc7 21. Re2 Nd6 22. Bb3 Rfc8 23. g3 Rc1+ 24. Rxc1 Rxc1+ 25. Kg2 Bf6 26. Nd2 Kf8 27. Ne4 Bd4 28. h4 h6 29. h5 gxh5 30. Rd2 b5 31. Bd1 Bxb2 32. Bxh5 Bd4 33. Nxd6 exd6 34. Bg4 Rc5 35. Kf3 a5 36. Ke4 Bc3 37. Rd1 Rc7 38. Rb1 b4 39. f4 a4 40. Bd1 b3 41. Bxb3 Re7+ 42. Kf5 axb3 43. Rxb3 Bd4 44. a4 Ra7 45. Rb4 Bc3 46. Rc4 Be1 47. g4 Kg7 48. g5 h5 49. Ke4 Re7+ 50. Kf3 Bd2 51. Re4 Ra7 52. Rc4 Ra5 53. Ke4 h4 54. Rc2 Rxa4+ 55. d4 Ba5 56. Rh2 Bb6 57. Rxh4 Rxd4+ 58. Kf3 Rxd5 59. Rh1 Rd3+ 60. Ke4 Rd4+ 61. Kf3 d5 62. Rb1 Bc7 63. Rb7 Rxf4+ 64. Ke3 Be5 65. Re7 Re4+ 66. Kf3 Kg6 67. Rd7 Rd4 68. Re7 Rf4+ 69. Ke3 Rf5 70. Rd7 d4+ 71. Ke4 Rxg5 72. Rd8 f6 73. Rg8+ Kf7 74. Ra8 Rg4+ 75. Kf5 Rf4# 0-1


[Site "https://www.chess.com"]

[Event "Titled Tuesday Blitz October 18 Late 2022"]
[White "Celestino, Rafael Teixeira"]
[Black "Bulgurlu, Okan"]
[WhiteFideId "2108925"]
[BlackFideId "6352316"]
[WhiteElo "2383"]
[BlackElo "2200"]
[Result "1-0"]
[Round "09"]
[TimeControl "180+1"]
[Date "2022.10.19"]
[WhiteClock "0:01:18"]
[BlackClock "0:00:53"]

1. e4 c5 2. Nf3 Nf6 3. e5 Nd5 4. c4 Nc7 5. Nc3 Nc6 6. Bd3 g6 7. O-O Bg7 8. Re1 O-O 9. h4 d6 10. exd6 exd6 11. h5 Bg4 12. hxg6 hxg6 13. Be2 Re8 14. d3 Rb8 15. Bf4 Bxc3 16. bxc3 Qf6 17. Qd2 Rbd8 18. Bg5 Qg7 19. Bxd8 Rxd8 20. Qg5 Bxf3 21. Bxf3 Ne6 22. Rxe6 fxe6 23. Bxc6 Rc8 24. Be4 Kh7 25. Qh5+ Kg8 26. Bxg6 1-0


[Site "https://www.chess.com"]

[Event "Titled Tuesday Blitz October 18 Late 2022"]
[White "Chan, Kim Yew"]
[Black "Zhurbinsky, David"]
[WhiteFideId "5717981"]
[BlackFideId "2072904"]
[WhiteElo "2206"]
[BlackElo "2588"]
[Result "0-1"]
[Round "09"]
[TimeControl "180+1"]
[Date "2022.10.19"]
[WhiteClock "0:00:02"]
[BlackClock "0:00:50"]

1. d4 Nf6 2. Bg5 e6 3. e4 Be7 4. Bd3 d6 5. Nf3 Nc6 6. O-O e5 7. c3 O-O 8. Nbd2 Bg4 9. h3 Bh5 10. Re1 Re8 11. d5 Nb8 12. Be3 Nbd7 13. Nf1 Bg6 14. Ng3 c6 15. c4 cxd5 16. cxd5 Rc8 17. Rc1 Qa5 18. Qb3 Bf8 19. Bd2 Qb6 20. Qa3 a6 21. Be3 Qd8 22. Qb4 b5 23. a4 Nxd5 24. exd5 Bxd3 25. axb5 axb5 26. Rc6 Nf6 0-1


[Site "https://www.chess.com"]

[Event "Titled Tuesday Blitz October 18 Late 2022"]
[White "Clawitter, Craig"]
[Black "Roque Sola, Jose Luis"]
[WhiteFideId "2023105"]
[BlackFideId "5120390"]
[WhiteElo "2181"]
[BlackElo "2117"]
[Result "0-1"]
[Round "09"]
[TimeControl "180+1"]
[Date "2022.10.19"]
[WhiteClock "0:00:47"]
[BlackClock "0:01:14"]

1. e4 e6 2. d4 d5 3. e5 c5 4. c3 Nc6 5. Nf3 Nge7 6. dxc5 Ng6 7. Bd3 Ngxe5 8. Nxe5 Nxe5 9. b4 Nxd3+ 10. Qxd3 Bd7 11. O-O a5 12. Re1 Be7 13. Bf4 O-O 14. Nd2 axb4 15. cxb4 Bf6 16. Be5 Bxe5 17. Rxe5 Qf6 18. Nf3 Ra4 19. Rb1 Rxa2 20. b5 Rfa8 21. h4 R2a3 22. Qe2 Rxf3 23. gxf3 Qg6+ 24. Rg5 Qxb1+ 25. Kg2 Ra1 26. Qe5 Qh1+ 27. Kg3 Rg1+ 28. Kf4 Qxh4+ 29. Rg4 Rxg4+ 30. fxg4 Qxf2+ 31. Kg5 f6+ 0-1


[Site "https://www.chess.com"]

[Event "Titled Tuesday Blitz October 18 Late 2022"]
[White "Czernek, Tymon"]
[Black "Tan, Ralph"]
[WhiteFideId "1199510"]
[BlackFideId "30966590"]
[WhiteElo "2240"]
[BlackElo "2059"]
[Result "1-0"]
[Round "09"]
[TimeControl "180+1"]
[Date "2022.10.18"]
[WhiteClock "0:01:58"]
[BlackClock "0:00:21"]

1. e4 e6 2. d4 d5 3. Nc3 Nf6 4. e5 Nfd7 5. f4 c5 6. Nf3 Nc6 7. Be3 a6 8. Qd2 cxd4 9. Nxd4 Bc5 10. Nce2 Nxd4 11. Nxd4 O-O 12. Bd3 b5 13. O-O Bb7 14. c3 Bxd4 15. Bxd4 f6 16. exf6 Nxf6 17. f5 exf5 18. Bxf5 Ne4 19. Qd3 Qg5 20. Qh3 h6 21. Be3 Qe7 22. Be6+ Kh8 23. Bxh6 Qxe6 24. Qxe6 gxh6 25. Qxh6+ Kg8 26. Qg6+ Kh8 27. Qh5+ Kg8 28. Qg4+ Kh8 29. Qd7 Nc5 30. Qh3+ Kg8 31. Qg3+ Kh8 32. Qh4+ Kg8 33. Qg4+ Kh7 34. Qh5+ Kg8 35. Qg5+ Kh8 36. Qh6+ Kg8 37. Qg6+ Kh8 38. Qd6 Rxf1+ 39. Rxf1 Ne4 40. Qe5+ Kg8 41. Qe6+ Kh8 42. Qh6+ Kg8 43. Qg6+ Kh8 44. Rf7 1-0


[Site "https://www.chess.com"]

[Event "Titled Tuesday Blitz October 18 Late 2022"]
[White "D`Arruda, Ricardo D."]
[Black "Roque Sola, Gisela"]
[WhiteFideId "100692"]
[BlackFideId "5120241"]
[WhiteElo "2388"]
[BlackElo "1961"]
[Result "1-0"]
[Round "09"]
[TimeControl "180+1"]
[Date "2022.10.19"]
[WhiteClock "0:00:29"]
[BlackClock "0:00:17"]

1. d4 Nf6 2. Nf3 g6 3. Nc3 d5 4. Bg5 Bg7 5. Bxf6 exf6 6. e3 O-O 7. Ne2 Bg4 8. c3 Re8 9. Qc2 c6 10. Nf4 Qc7 11. O-O-O a5 12. Be2 b5 13. Nd2 Bf5 14. Bd3 Bxd3 15. Nxd3 Nd7 16. h4 c5 17. dxc5 Nxc5 18. Nxc5 Qxc5 19. Nb3 Qc6 20. Qd3 b4 21. Qxd5 Qa4 22. Nc5 Qb5 23. c4 Qb6 24. Na4 Qc7 25. Kb1 Rad8 26. Qc5 Qb7 27. Rd5 Rc8 28. Qb5 Qe7 29. Nc5 Bf8 30. Nd3 Qe4 31. f3 Qxe3 32. Re1 Qd2 33. Rxe8 Rxe8 34. Qxe8 b3 35. axb3 a4 36. Nc1 Qxg2 37. Rd8 1-0


[Site "https://www.chess.com"]

[Event "Titled Tuesday Blitz October 18 Late 2022"]
[White "Daeschler, Florian"]
[Black "Tomaszewski, Kacper"]
[WhiteFideId "20678193"]
[BlackFideId "1127373"]
[WhiteElo "2187"]
[BlackElo "2211"]
[Result "1/2-1/2"]
[Round "09"]
[TimeControl "180+1"]
[Date "2022.10.19"]
[WhiteClock "0:00:39"]
[BlackClock "0:00:02"]

1. e4 e5 2. Nc3 Nf6 3. f4 d6 4. Nf3 Nc6 5. Bc4 Be7 6. O-O O-O 7. d3 exf4 8. Bxf4 Be6 9. Bb3 Bxb3 10. axb3 Ng4 11. h3 Nge5 12. d4 Ng6 13. Bg3 Re8 14. Nd5 Bf8 15. Qd3 Nce7 16. Ne3 c6 17. Ng5 Nh8 18. e5 Neg6 19. Qf5 dxe5 20. Nxf7 Qxd4 21. Rae1 Nf4 22. Nxh8 Kxh8 23. Bxf4 exf4 24. Rxf4 Qc5 25. Re4 g6 26. Qf6+ Bg7 27. Qf3 Rxe4 28. Qxe4 Rf8 29. Kh1 Bxb2 30. Ng4 Bg7 31. c4 h5 32. Nh2 Qf5 33. Qe7 Qf7 34. Qe4 Qf5 35. Qe7 Qf7 36. Qe4 Qf5 1/2-1/2


[Site "https://www.chess.com"]